% Time on Ice - RENO LIONS
Lines # - Real PCT - Wanted PCT - Time Play
Normal Forward
1 - 36% - 36% - 16:08
2 - 33% - 31% - 14:32
3 - 23% - 23% - 10:00
4 - 8% - 10% - 3:44
Normal Defense
1 - 32% - 36% - 14:19
2 - 33% - 31% - 14:37
3 - 27% - 23% - 11:46
4 - 8% - 10% - 3:42
PP Forward
1 - 52% - 55% - 4:13
2 - 48% - 45% - 3:50
PP Defense
1 - 58% - 55% - 4:38
2 - 42% - 45% - 3:25
PK Forward
1 - 57% - 55% - 3:16
2 - 43% - 45% - 2:25
PK Defense
1 - 47% - 55% - 2:39
2 - 53% - 45% - 3:02
PK3 Forward
1 - 0% - 55%
2 - 0% - 45%
PK3 Defense
1 - 0% - 55%
2 - 0% - 45%
44 Forward
1 - 63% - 55% - 1:11
2 - 37% - 45% - 0:41
44 Defense
1 - 63% - 55% - 1:11
2 - 37% - 45% - 0:41
Last Minute Offensive  - 0:00
Last Minute Defensive  - 0:00
Total
Forward - 60:00
Defense - 60:00
% Time on Ice - SAN FRANCISCO SPIDERS
Lines # - Real PCT - Wanted PCT - Time Play
Normal Forward
1 - 33% - 40% - 14:41
2 - 30% - 35% - 13:25
3 - 23% - 20% - 10:12
4 - 14% - 5% - 6:06
Normal Defense
1 - 37% - 38% - 16:31
2 - 34% - 37% - 15:18
3 - 27% - 15% - 11:51
4 - 2% - 10% - 0:44
PP Forward
1 - 54% - 55% - 3:05
2 - 46% - 45% - 2:36
PP Defense
1 - 38% - 55% - 2:11
2 - 62% - 45% - 3:30
PK Forward
1 - 60% - 55% - 4:52
2 - 40% - 45% - 3:11
PK Defense
1 - 52% - 55% - 4:09
2 - 48% - 45% - 3:54
PK3 Forward
1 - 0% - 55%
2 - 0% - 45%
PK3 Defense
1 - 0% - 55%
2 - 0% - 45%
44 Forward
1 - 71% - 55% - 1:19
2 - 29% - 45% - 0:33
44 Defense
1 - 29% - 55% - 0:33
2 - 71% - 45% - 1:19
Last Minute Offensive  - 0:00
Last Minute Defensive  - 0:00
Total
Forward - 60:00
Defense - 60:00
Play-by-Play 1st period 0:01 of 1st period - Bo Horvat wins face-off versus Pierre-Luc Dubois in neutral zone. 0:15 of 1st period - Kirill Kaprizov is hit by Brady Tkachuk and loses puck. 0:31 of 1st period - Elias Pettersson is hit by Brenden Dillon and loses puck. 0:42 of 1st period - Elias Pettersson is hit by Brady Tkachuk and loses puck. 0:46 of 1st period - Trevor van Riemsdyk is hit by Brady Tkachuk and loses puck. 1:09 of 1st period - Minor Penalty to Brady Tkachuk for Holding. 1:10 of 1st period - Sebastian Aho wins face-off versus Max Domi in SAN FRANCISCO SPIDERS zone. 1:58 of 1st period - Shot by Kirill Kaprizov. 1:58 of 1st period - Stopped by Igor Shesterkin with a rebound. 2:00 of 1st period - Shot by Trevor van Riemsdyk. 2:00 of 1st period - Shot Misses the Net. 2:02 of 1st period - Shot by Kirill Kaprizov. 2:02 of 1st period - Shot Blocked by Brock Faber. 2:40 of 1st period - Shot by Nick Bjugstad. 2:40 of 1st period - Shot Misses the Net. 2:48 of 1st period - Shot by Nick Bjugstad. 2:48 of 1st period - Stopped by Igor Shesterkin without a rebound. 2:49 of 1st period - Bo Horvat wins face-off versus Dylan Strome in SAN FRANCISCO SPIDERS zone. 3:18 of 1st period - Shot by Sam Lafferty. 3:18 of 1st period - Deflect By Justin Brazeau. 3:18 of 1st period - Stopped by Stuart Skinner without a rebound. 3:19 of 1st period - Dakota Joshua wins face-off versus Trent Frederic in RENO LIONS zone. 3:19 of 1st period - Erik Gudbranson is hit by Mattias Samuelsson and loses puck. 3:35 of 1st period - Luke Hughes is hit by Patrick Brown and loses puck. 4:19 of 1st period - Shot by Max Domi. 4:19 of 1st period - Stopped by Igor Shesterkin without a rebound. 4:20 of 1st period - Pierre-Luc Dubois wins face-off versus Sebastian Aho in SAN FRANCISCO SPIDERS zone. 4:25 of 1st period - Shot by Pierre-Luc Dubois. 4:25 of 1st period - Shot Misses the Net. 4:41 of 1st period - Shot by Sebastian Aho. 4:41 of 1st period - Stopped by Stuart Skinner without a rebound. 4:42 of 1st period - Nick Bjugstad wins face-off versus Kyle Palmieri in RENO LIONS zone. 4:42 of 1st period - Nick Bjugstad is hit by Kyle Palmieri. 4:56 of 1st period - Shot by Max Domi. 4:56 of 1st period - Shot Misses the Net. 5:04 of 1st period - Dylan Strome is hit by Jack Roslovic and loses puck. 5:15 of 1st period - Darnell Nurse is hit by Max Domi and loses puck. 5:34 of 1st period - Minor Penalty to Brenden Dillon for Charging. 5:35 of 1st period - Dylan Strome wins face-off versus Bo Horvat in SAN FRANCISCO SPIDERS zone. 6:36 of 1st period - Shot by Pierre-Luc Dubois. 6:36 of 1st period - Deflect By Max Domi. 6:36 of 1st period - Stopped by Igor Shesterkin with a rebound. 6:38 of 1st period - Shot by Max Domi. 6:38 of 1st period - Stopped by Igor Shesterkin without a rebound. 6:39 of 1st period - Max Domi wins face-off versus Sebastian Aho in SAN FRANCISCO SPIDERS zone. 7:26 of 1st period - Off-side. 7:27 of 1st period - Bo Horvat wins face-off versus Dylan Strome in neutral zone. 9:30 of 1st period - Icing by Darnell Nurse. 9:31 of 1st period - Sebastian Aho wins face-off versus Nick Bjugstad in SAN FRANCISCO SPIDERS zone. 9:35 of 1st period - Off-side. 9:36 of 1st period - Bo Horvat wins face-off versus Nick Bjugstad in neutral zone. 9:57 of 1st period - Shot by Brady Tkachuk. 9:57 of 1st period - Stopped by Stuart Skinner without a rebound. 9:58 of 1st period - Pierre-Luc Dubois wins face-off versus Jared McCann in RENO LIONS zone. 11:26 of 1st period - Shot by Nick Bjugstad. 11:26 of 1st period - Shot Blocked by Michael Anderson. 11:34 of 1st period - Shot by Bo Horvat. 11:34 of 1st period - Shot Misses the Net. 11:46 of 1st period - Shot by Bo Horvat. 11:46 of 1st period - Stopped by Stuart Skinner without a rebound. 11:47 of 1st period - Jack Roslovic wins face-off versus Anthony-John Greer in RENO LIONS zone. 11:55 of 1st period - Anthony-John Greer is hit by Erik Gudbranson and loses puck. 13:53 of 1st period - Icing by Michael Anderson. 13:54 of 1st period - Bo Horvat wins face-off versus Trent Frederic in SAN FRANCISCO SPIDERS zone. 13:58 of 1st period - Off-side. 13:59 of 1st period - Trent Frederic wins face-off versus Sebastian Aho in neutral zone. 14:29 of 1st period - Shot by Nicholas Ritchie. 14:29 of 1st period - Shot Blocked by Darnell Nurse. 14:31 of 1st period - Shot by Juuso Valimaki. 14:31 of 1st period - Shot Blocked by Darnell Nurse. 14:33 of 1st period - Shot by Juuso Valimaki. 14:33 of 1st period - Stopped by Igor Shesterkin without a rebound. 14:34 of 1st period - Pierre-Luc Dubois wins face-off versus Brady Tkachuk in SAN FRANCISCO SPIDERS zone. 14:45 of 1st period - Shot by Kirill Kaprizov. 14:45 of 1st period - Stopped by Igor Shesterkin without a rebound. 14:46 of 1st period - Brady Tkachuk wins face-off versus Nick Bjugstad in SAN FRANCISCO SPIDERS zone. 15:07 of 1st period - Shot by Nick Bjugstad. 15:07 of 1st period - Stopped by Igor Shesterkin without a rebound. 15:08 of 1st period - Sebastian Aho wins face-off versus Pierre-Luc Dubois in SAN FRANCISCO SPIDERS zone. 15:08 of 1st period - Sebastian Aho is hit by Kirill Kaprizov. 15:25 of 1st period - Kirill Kaprizov is hit by Brenden Dillon and loses puck. 15:34 of 1st period - Shot by Kirill Kaprizov. 15:34 of 1st period - Stopped by Igor Shesterkin without a rebound. 15:35 of 1st period - Bo Horvat wins face-off versus Trent Frederic in SAN FRANCISCO SPIDERS zone. 15:46 of 1st period - Shot by Trent Frederic. 15:46 of 1st period - Shot Blocked by Brock Faber. 18:03 of 1st period - Shot by Eeli Tolvanen. 18:03 of 1st period - Stopped by Stuart Skinner without a rebound. 18:04 of 1st period - Nick Bjugstad wins face-off versus Dakota Joshua in RENO LIONS zone. 18:04 of 1st period - Nick Bjugstad is hit by Justin Brazeau. 18:58 of 1st period - Nick Bjugstad is hit by Darnell Nurse and loses puck. 19:08 of 1st period - Minor Penalty to Juuso Valimaki for Interference. 19:09 of 1st period - Pierre-Luc Dubois wins face-off versus Sebastian Aho in RENO LIONS zone. 19:09 of 1st period - Pierre-Luc Dubois is hit by Andrei Svechnikov. 19:23 of 1st period - Shot by Andrei Svechnikov. 19:23 of 1st period - Stopped by Stuart Skinner without a rebound. 19:24 of 1st period - Nick Bjugstad wins face-off versus Viktor Arvidsson in RENO LIONS zone. 19:30 of 1st period - Icing by Darnell Nurse. 19:31 of 1st period - Bo Horvat wins face-off versus Nick Bjugstad in SAN FRANCISCO SPIDERS zone. 19:38 of 1st period - Off-side. 19:39 of 1st period - Nick Bjugstad wins face-off versus Sebastian Aho in neutral zone. Goals for this period are 0 for RENO LIONS vs 0 for SAN FRANCISCO SPIDERS. Shots for this period are 9 for RENO LIONS vs 6 for SAN FRANCISCO SPIDERS. 2nd period 0:01 of 2nd period - Nick Bjugstad wins face-off versus Sebastian Aho in neutral zone. 0:15 of 2nd period - Icing by Brenden Dillon. 0:16 of 2nd period - Nick Bjugstad wins face-off versus Sebastian Aho in SAN FRANCISCO SPIDERS zone. 0:25 of 2nd period - Shot by Sebastian Aho. 0:25 of 2nd period - Stopped by Stuart Skinner without a rebound. 0:26 of 2nd period - Nick Bjugstad wins face-off versus Bo Horvat in RENO LIONS zone. 0:26 of 2nd period - Nick Bjugstad is hit by Brady Tkachuk. 0:43 of 2nd period - Icing by Viktor Arvidsson. 0:44 of 2nd period - Nick Bjugstad wins face-off versus Bo Horvat in SAN FRANCISCO SPIDERS zone. 1:13 of 2nd period - Shot by Darnell Nurse. 1:13 of 2nd period - Shot Misses the Net. 1:18 of 2nd period - Off-side. 1:19 of 2nd period - Jack Roslovic wins face-off versus Pierre-Luc Dubois in neutral zone. 1:21 of 2nd period - Kyle Palmieri is hit by Justin Schultz and loses puck. 1:34 of 2nd period - Minor Penalty to Mattias Samuelsson for Goalie Interference. 1:35 of 2nd period - Nick Bjugstad wins face-off versus Sebastian Aho in RENO LIONS zone. 1:35 of 2nd period - Elias Pettersson is hit by Andrei Svechnikov. 1:57 of 2nd period - Shot by Elias Pettersson. 1:57 of 2nd period - Goal by Elias Pettersson - RENO LIONS : 1 - SAN FRANCISCO SPIDERS : 0. 1:58 of 2nd period - Pierre-Luc Dubois wins face-off versus Bo Horvat in neutral zone. 2:33 of 2nd period - Shot by Bo Horvat. 2:33 of 2nd period - Stopped by Stuart Skinner with a rebound. 2:35 of 2nd period - Shot by Bo Horvat. 2:35 of 2nd period - Deflect By Viktor Arvidsson. 2:35 of 2nd period - Stopped by Stuart Skinner without a rebound. 2:36 of 2nd period - Pierre-Luc Dubois wins face-off versus Sebastian Aho in RENO LIONS zone. 3:18 of 2nd period - Shot by Sebastian Aho. 3:18 of 2nd period - Shot Blocked by Ethan Bear. 3:20 of 2nd period - Shot by Michael Anderson. 3:20 of 2nd period - Shot Misses the Net. 3:22 of 2nd period - Shot by Michael Anderson. 3:22 of 2nd period - Shot Misses the Net. 3:52 of 2nd period - Shot by Nick Bjugstad. 3:52 of 2nd period - Shot Misses the Net. 3:54 of 2nd period - Shot by Brady Skjei. 3:54 of 2nd period - Stopped by Igor Shesterkin without a rebound. 3:55 of 2nd period - Dakota Joshua wins face-off versus Trent Frederic in SAN FRANCISCO SPIDERS zone. 4:17 of 2nd period - Brenden Dillon is hit by Anthony-John Greer and loses puck. 4:46 of 2nd period - Bo Horvat is hit by Anthony-John Greer and loses puck. 4:59 of 2nd period - Trevor van Riemsdyk is hit by Brady Tkachuk and loses puck. 5:10 of 2nd period - Shot by Dylan Strome. 5:10 of 2nd period - Deflect By Nick Bjugstad. 5:10 of 2nd period - Shot Blocked by Erik Gudbranson. 5:23 of 2nd period - Brady Tkachuk is hit by Trevor van Riemsdyk and loses puck. 5:38 of 2nd period - Shot by Jared McCann. 5:38 of 2nd period - Shot Blocked by Brady Skjei. 6:47 of 2nd period - Shot by Elias Pettersson. 6:47 of 2nd period - Deflect By Kirill Kaprizov. 6:47 of 2nd period - Stopped by Igor Shesterkin without a rebound. 6:48 of 2nd period - Bo Horvat wins face-off versus Trent Frederic in SAN FRANCISCO SPIDERS zone. 7:15 of 2nd period - Nicholas Ritchie is hit by Darnell Nurse and loses puck. 7:19 of 2nd period - Patrick Brown is hit by Brenden Dillon and loses puck. 7:22 of 2nd period - Shot by Patrick Brown. 7:22 of 2nd period - Stopped by Igor Shesterkin without a rebound. 7:23 of 2nd period - Jack Roslovic wins face-off versus Elias Pettersson in SAN FRANCISCO SPIDERS zone. 7:23 of 2nd period - Jack Roslovic is hit by Kirill Kaprizov. 7:43 of 2nd period - Shot by Kirill Kaprizov. 7:43 of 2nd period - Shot Blocked by Jack Roslovic. 7:45 of 2nd period - Shot by Ethan Bear. 7:45 of 2nd period - Shot Misses the Net. 8:16 of 2nd period - Icing by Eeli Tolvanen. 8:17 of 2nd period - Trent Frederic wins face-off versus Jack Roslovic in SAN FRANCISCO SPIDERS zone. 8:41 of 2nd period - Bo Horvat is hit by Justin Schultz and loses puck. 8:52 of 2nd period - Andrei Svechnikov is hit by Mattias Samuelsson. 8:55 of 2nd period - Brady Tkachuk is hit by Mattias Samuelsson and loses puck. 9:00 of 2nd period - Shot by Bo Horvat. 9:00 of 2nd period - Shot Misses the Net. 9:02 of 2nd period - Shot by Bo Horvat. 9:02 of 2nd period - Shot Misses the Net. 9:37 of 2nd period - Sebastian Aho is hit by Mattias Samuelsson and loses puck. 9:46 of 2nd period - Shot by Sebastian Aho. 9:46 of 2nd period - Goal by Sebastian Aho - RENO LIONS : 1 - SAN FRANCISCO SPIDERS : 1. 9:47 of 2nd period - Pierre-Luc Dubois wins face-off versus Dakota Joshua in neutral zone. 9:56 of 2nd period - Shot by Kirill Kaprizov. 9:56 of 2nd period - Shot Blocked by Darnell Nurse. 10:20 of 2nd period - Shot by Kirill Kaprizov. 10:20 of 2nd period - Shot Misses the Net. 10:45 of 2nd period - Shot by Sebastian Aho. 10:45 of 2nd period - Stopped by Stuart Skinner with a rebound. 11:22 of 2nd period - Shot by Max Domi. 11:22 of 2nd period - Stopped by Igor Shesterkin with a rebound. 11:24 of 2nd period - Shot by Ethan Bear. 11:24 of 2nd period - Stopped by Igor Shesterkin without a rebound. 11:25 of 2nd period - Bo Horvat wins face-off versus Nick Bjugstad in SAN FRANCISCO SPIDERS z